 Dungeon Crawl Stone Soup version 0.14-a0-759-g26e2352 (webtiles) character file.

215 PolkaDot the Vexing (level 4, -8/30 HPs)
             Began as a Vampire Enchanter on Nov 8, 2013.
             Mangled by Menkaure (22 damage)
             ... on Level 4 of the Dungeon.
             The game lasted 00:08:20 (2993 turns).

PolkaDot the Vexing (Vampire Enchanter)             Turns: 2993, Time: 00:08:20

HP  -8/30        AC  3     Str  7      XL: 4   Next: 34%
MP   8/8         EV 12     Int 17      God:
Gold 124         SH  0     Dex 15      Spells:  2 memorised,  1 level left

Res.Fire  : + . .   See Invis. : +   k - +0,+2 orc dagger (speed)
Res.Cold  : + + +   Warding    : .   b - +1 robe
Life Prot.: + + +   Conserve   : .   (no shield)
Res.Poison: +       Res.Corr.  : .   (no helmet)
Res.Elec. : +       Clarity    : .   (no cloak)
Sust.Abil.: . .     Spirit.Shd : .   (no gloves)
Res.Mut.  : .       Stasis     : .   (no boots)
Res.Rott. : +       Flight     : .   i - amulet of inaccuracy {unknown}
Saprovore : . . .                    y - ring of regeneration
                                     e - cursed ring of hunger

@: non-regenerating, slightly resistant to hostile enchantments, quite stealthy
A: fangs 3, see invisible, unbreathing
a: Bat Form


You were on level 4 of the Dungeon.
You were bloodless.

You visited 1 branch of the dungeon, and saw 4 of its levels.

You collected 124 gold pieces.

Inventory:

Hand weapons
 k - a +0,+2 orcish dagger of speed (weapon)
Missiles
 d - 10 darts (quivered)
Armour
 b - a +1 robe (worn)
Scrolls
 a - a scroll of enchant weapon II {unknown}
 h - 3 scrolls of amnesia {unknown}
 j - a scroll of remove curse {unknown}
 l - 2 scrolls of random uselessness {unknown}
 m - 2 scrolls of curse jewellery {unknown}
 n - 5 scrolls of identify {unknown}
 o - a scroll of blinking {unknown}
 p - a scroll of magic mapping {unknown}
 q - 2 scrolls of enchant weapon I {unknown}
 s - a scroll of fog {unknown}
 t - a scroll of fear {unknown}
 w - a scroll of curse weapon {unknown}
Jewellery
 e - a cursed ring of hunger (left hand)
 i - an amulet of inaccuracy (around neck) {unknown}
 y - a ring of regeneration (right hand)
Potions
 f - a potion of paralysis
 v - 2 potions of flight {unknown}
 x - 2 potions of invisibility {unknown}
Books
 c - a book of Maledictions

   Spells                             Type                      Level
   *Corona                            Hexes                        1
   Sure Blade                         Hexes/Charms                 2
   Ensorcelled Hibernation            Hexes/Ice                    2
   *Confuse                           Hexes                        3
   Enslavement                        Hexes                        4
   Invisibility                       Hexes                        6
 r - a book of Flames

   Spells                             Type                      Level
   Flame Tongue                       Conjuration/Fire             1
   Throw Flame                        Conjuration/Fire             2
   Conjure Flame                      Conjuration/Fire             3
   Inner Flame                        Hexes/Fire                   3
   Sticky Flame                       Conjuration/Fire             4
   Fireball                           Conjuration/Fire             5


   Skills:
 - Level 3.5 Short Blades
 - Level 0.7 Throwing
 - Level 2.1 Dodging
 + Level 3.7 Stealth
 - Level 1.0 Spellcasting
 * Level 5.6 Hexes


You had one spell level left.
You knew the following spells:

 Your Spells              Type           Power        Failure   Level  Hunger
A - Corona                Hex            ###....      2%          1    ##.....
C - Confuse               Hex            ###.....     10%         3    ####...


Dungeon Overview and Level Annotations

Branches:
Dungeon (4/27)
 Temple: D:4-7

Altars:
Kikubaaqudgha

Annotations:
D:4 Menkaure, Sigmund


Innate Abilities, Weirdness & Mutations

You do not heal naturally.
You have razor-sharp teeth.*
You have supernaturally acute eyesight.
You can survive without breathing.*


Message History

You slice Menkaure!!
Menkaure is almost destroyed.
You closely miss Menkaure.
Menkaure is almost destroyed.
Menkaure hits you!
* * * LOW HITPOINT WARNING * * *
Drink which item? (? for menu, Esc to quit)
You feel better. Menkaure hits you.
* * * LOW HITPOINT WARNING * * *
Drink which item? (? for menu, Esc to quit)
You feel better.
Menkaure mumbles some strange words.
Menkaure seems to speed up.
Drink which item? (? for menu, Esc to quit)
You feel better.
Drink which item? (? for menu, Esc to quit)
You feel protected. Menkaure hits you!
Ouch! That really hurt!
You die...

### # (.. ####### #>#.#
###..... ...##.#.# .
......[ .@.....$.# #.#
#(.#.# #.###.#
#..#.###########......
.####...M@...........###..
..........###########.#
#.. .####....# ###.# #..
#.#..# #...###.. # #..#
#.#...... .... #.#......
....## #.#.####. .#.##
#<...# . #.#.# #.###..#.


You could see Menkaure.

Vanquished Creatures
  2 adders (D:2)
  2 giant mites
  2 worms
  An ooze (D:2)
  An orc (D:3)
  2 giant cockroaches (D:1)
  4 goblins
  8 hobgoblins
  3 jackals (D:1)
  4 kobolds
  6 bats
  A giant newt (D:2)
  13 rats
49 creatures vanquished.

Notes
Turn   | Place    | Note
--------------------------------------------------------------
     0 | D:1      | PolkaDot, the Vampire Enchanter, began the quest for the Orb.
     0 | D:1      | Reached XP level 1. HP: 13/13 MP: 4/4
   228 | D:1      | Reached XP level 2. HP: 16/19 MP: 5/5
   773 | D:1      | Reached XP level 3. HP: 21/24 MP: 6/6
   791 | D:1      | Learned a level 3 spell: Confuse
  1607 | D:2      | Reached skill level 5 in Hexes
  2118 | D:3      | Found an ancient bone altar of Kikubaaqudgha.
  2363 | D:3      | Paralysed by a potion of paralysis for 3 turns
  2391 | D:3      | Reached XP level 4. HP: 20/30 MP: 0/8
  2925 | D:4      | Noticed Sigmund
  2981 | D:4      | Noticed Menkaure
  2993 | D:4      | Mangled by Menkaure

Action                   |  1- 3 |  4- 6 || total
-------------------------+-------+-------++-------
Melee: Dagger            |   195 |    30 ||   225
Throw: Dart              |     7 |       ||     7
 Cast: Confuse           |    13 |     2 ||    15
  Use: Potion            |     6 |     4 ||    10
 Stab: Sleeping          |    12 |     2 ||    14
       Confused          |     4 |     2 ||     6
